 Dungeon Crawl Stone Soup version 0.16.1-18-g436b03c (webtiles) character file.

15488 hemol the Spear-Bearer (level 12, -6/107 HPs)
             Began as a Minotaur Fighter on May 2, 2015.
             Was an Elder of the Shining One.
             Mangled by a bone dragon (7 damage)
             ... on level 1 of the Abyss.
             The game lasted 02:16:43 (10134 turns).

hemol the Spear-Bearer (Minotaur Fighter)          Turns: 10134, Time: 02:16:43

Health: -6/107     AC: 15    Str: 22    XL:     12   Next: 1%
Magic:  17/18      EV: 13    Int:  5    God:    the Shining One [****..]
Gold:   1685       SH: 22    Dex: 14    Spells: 0 memorised, 11 levels left

rFire  + . .     SeeInvis .     V - +2 spear (freeze)
rCold  . . .     Rnd*Rage +     e - +2 chain mail {rN+}
rNeg   + + +     SustAb   .     A - +1 shield of Untruth {+Inv rElec rPois rF+}
rPois  +         Gourm    .     (helmet restricted)
rElec  +         Spirit   .     O - +1 cloak
rCorr  .         Warding  .     b - +0 pair of gloves
rMut   .         Rnd*Tele +     o - +1 pair of boots
MR     +....                    (no amulet)
Stlth  ..........               u - ring of protection from magic
                                K - +3 ring of evasion

@: divine shield, very slightly contaminated, glowing, somewhat resistant to
hostile enchantments, extremely unstealthy
A: retaliatory headbutt, horns 2, berserk 1, blurry vision 1, deformed body,
deterioration 1, low mp 1, screaming 1, teleportitis 1, MP-powered wands 1
a: Divine Shield, Cleansing Flame, Renounce Religion, Evoke Invisibility


You were on level 1 of the Abyss.
You worshipped the Shining One.
The Shining One was greatly pleased with you.
You were very hungry.

You visited 3 branches of the dungeon, and saw 13 of its levels.
You visited the Abyss 1 time.

You collected 1685 gold pieces.

Inventory:

Hand weapons
 c - a +0 glaive
 V - a +2 spear of freezing (weapon)
Missiles
 W - a javelin (quivered)
Armour
 b - a +0 pair of gloves (worn)
 e - a +2 chain mail of positive energy (worn)
 o - a +1 pair of boots (worn)
 x - a +2 ring mail of cold resistance
 A - the +1 shield of Untruth (worn) {+Inv rElec rPois rF+}
   (You found it on level 10 of the Dungeon)

   It protects you from fire.
   It insulates you from electricity.
   It protects you from poison.
   It lets you turn invisible.
 B - a quicksilver dragon armour
 F - a +0 plate armour
 O - a +1 cloak (worn)
Jewellery
 g - an uncursed ring of teleportation
 u - a ring of protection from magic (right hand)
 G - an uncursed ring of ice
 K - a +3 ring of evasion (left hand)
Magical devices
 a - a wand of random effects (21)
 D - a wand of digging (15)
 H - a wand of frost (28)
 I - a wand of teleportation (5)
 J - a wand of fireball (9)
 L - a wand of magic darts (16)
 T - a wand of teleportation (4)
Scrolls
 f - 5 scrolls of identify
 h - a scroll of blinking
 p - 4 scrolls of teleportation
 r - 2 scrolls of enchant armour
 s - a scroll of recharging
 w - a scroll of noise
 y - 2 scrolls of remove curse
 z - 2 scrolls of amnesia {unknown}
 U - a scroll of magic mapping {unknown}
Potions
 i - a potion of heal wounds
 j - 2 potions of mutation
 l - a potion of cure mutation {unknown}
 n - 3 potions of ambrosia {unknown}
 q - a potion of curing {unknown}
 t - a potion of restore abilities {unknown}
 v - a potion of agility
 C - a potion of poison {unknown}
 E - a potion of haste {unknown}
 M - a potion of magic {unknown}
 P - a potion of resistance {unknown}
 S - 2 potions of invisibility {unknown}
Comestibles
 d - 10 bread rations
 k - 2 slices of pizza
 m - 7 beef jerkies
 N - 10 royal jellies
 Q - 3 fruits
 R - 2 meat rations


   Skills:
 + Level 10.5 Fighting
 - Level 13.4 Polearms
 - Level 9.6 Armour
 + Level 7.7 Dodging
 + Level 6.9 Shields
 + Level 7.6 Invocations


You had 11 spell levels left.
You didn't know any spells.

Dungeon Overview and Level Annotations

Branches:
Dungeon (10/15)            Temple (1/1) D:4            Lair (0/8) D:9
    Orc (2/4) D:9

Altars:
Ashenzari
Cheibriados
Dithmenos
Elyvilon
Fedhas
Gozag
Kikubaaqudgha
Makhleb
Nemelex Xobeh
Okawaru
Qazlal
Ru
Sif Muna
Trog
Vehumet
Xom
Yredelemnul
Zin
The Shining One
Beogh

Portals:
Trove: D:10 (give +5 demon whip)

Annotations:
Orc:2 Sonja


Innate Abilities, Weirdness & Mutations

You reflexively headbutt those who attack you in melee.
You have a pair of horns on your head.
[You tend to lose your temper in combat.]
[Scrolls take you a little longer to read.]
[Armour fits poorly on your strangely shaped body.]
[Your body is slowly deteriorating.]
[Your magical capacity is low (-10% MP).]
[You occasionally shout uncontrollably at your foes.]
[Space occasionally distorts in your vicinity.]
[You expend magic power (3 MP) to slightly strengthen your wands.]


Message History

The thrashing horror tramples you but does no damage.
You block the thrashing horror's attack.
The thrashing horror roars!
The thrashing horror tramples you!
* * * LOW HITPOINT WARNING * * *
You hold your ground!
You block the thrashing horror's attack. x2
The thrashing horror barely misses you.
Read which item? (? for menu, Esc to quit)
The thrashing horror roars!
You begin reading the scroll.
You continue reading the scroll.
You block the thrashing horror's attack.
The thrashing horror tramples you.
* * * LOW HITPOINT WARNING * * *
You hold your ground!
The thrashing horror tramples you but does no damage.
You block the thrashing horror's attack.
The bone dragon bites you but does no damage.
You block the bone dragon's attack. The bone dragon tramples you!
You die...

#..## ## ###.# #
#..#.# #...####.
##...###...(..#.. .
#. ......#.#. ..#
.. #†...# ##D#.##.#
.. #. ##.##.
#.##...##.# #
#.#....##.#.....#.#
# #.#.#..#.D......#
# #.#.X@## ##.. .
.#.##.## .# ## #.#
.. # ##. . .#. .# .
##.. #.. ### #
###.. ####


You could see a bone dragon and a thrashing horror.

Vanquished Creatures
  Fannar (Orc:2)
  A centaur warrior (D:9)
  The ghost of jazmu the Quickloader, a powerful KoAM of Okawaru (D:10)
  Nergalle (Orc:2)
  A wretched star (Abyss:1)
  The ghost of Scuka the Transmogrifier, an experienced MfTm of Makhleb (D:9)
  An orc knight (Orc:2)
  A necromancer (D:9)
  An apocalypse crab (Abyss:1)
  Joseph (Orc:2)
  2 guardian mummies (D:10)
  A two-headed ogre (D:10)
  An ancient zyme (Abyss:1)
  A troll (D:9)
  15 yaks
  2 wyverns (D:9)
  A shadow (D:10)
  A hippogriff (D:7)
  Grum (Orc:1)
  2 wolves (Orc:1)
  A small abomination (Abyss:1)
  A hungry ghost (D:7)
  2 wargs (Orc:2)
  10 orc warriors
  A spider (D:8)
  An ice beast (Orc:2)
  5 necrophages
  2 sky beasts
  2 centaurs
  4 ogres
  3 wasps
  2 boring beetles
  2 big kobolds
  A crocodile (D:9)
  5 giant frogs
  A gnoll sergeant (D:9)
  2 scorpions
  4 wyvern skeletons
  A water moccasin skeleton (D:4)
  A yak skeleton (D:9)
  A vampire bat (D:7)
  A centaur zombie (D:10)
  5 hounds
  5 crimson imps
  A giant frog zombie (D:9)
  3 goliath beetles
  A quasit (Abyss:1)
  11 orc priests
  6 spectral orcs (Orc:2)
  4 iguanas
  19 orc wizards
  4 worker ants
  A hound zombie (D:10)
  A hound skeleton (D:8)
  16 gnolls
  A worker ant zombie (D:9)
  16 adders
  2 shadow imps
  A white imp (Abyss:1)
  A giant mite (D:7)
  An ufetubus (Abyss:1)
  2 worms
  2 adder zombies
  2 giant geckos
  An ooze (D:3)
  109 orcs
  4 giant cockroaches
  15 goblins
  13 hobgoblins
  8 jackals
  3 quokkas
  2 ball pythons
  26 bats
  A giant gecko skeleton (D:6)
  4 giant newts
  A giant spore (D:9)
  27 kobolds
  A quokka skeleton (D:8)
  16 rats
  2 ballistomycetes (D:9)
428 creatures vanquished.

Vanquished Creatures (others)
  A spectral orc (Orc:2)
1 creature vanquished.

Grand Total: 429 creatures vanquished

Notes
Turn   | Place    | Note
--------------------------------------------------------------
     0 | D:1      | hemol, the Minotaur Fighter, began the quest for the Orb.
     0 | D:1      | Reached XP level 1. HP: 19/19 MP: 1/1
   275 | D:1      | Reached XP level 2. HP: 27/27 MP: 1/1
   309 | D:1      | Reached skill level 4 in Armour
   740 | D:2      | Reached XP level 3. HP: 20/33 MP: 2/2
  1293 | D:2      | Reached XP level 4. HP: 26/40 MP: 2/2
  1755 | D:3      | Reached XP level 5. HP: 44/46 MP: 2/2
  1773 | D:3      | Reached skill level 5 in Armour
  1777 | D:3      | Reached skill level 5 in Polearms
  2628 | D:4      | Reached skill level 6 in Polearms
  2628 | D:4      | Reached XP level 6. HP: 48/52 MP: 3/3
  2818 | D:4      | Found a staircase to the Ecumenical Temple.
  2827 | Temple   | Entered the Ecumenical Temple
  2882 | Temple   | Became a worshipper of the Shining One
  3211 | D:5      | Entered Level 5 of the Dungeon
  3506 | D:5      | Found an iron altar of Okawaru.
  3506 | D:5      | Found a sparkling altar of Nemelex Xobeh.
  3507 | D:5      | Found a bloodstained altar of Trog.
  3508 | D:5      | Found a basalt altar of Yredelemnul.
  3511 | D:5      | Found an ancient bone altar of Kikubaaqudgha.
  3571 | D:5      | Was placed under penance by the Shining One
  3579 | D:5      | Reached skill level 7 in Polearms
  3716 | D:5      | Reached XP level 7. HP: 58/58 MP: 3/3
  3901 | D:6      | Reached skill level 8 in Polearms
  3929 | D:6      | Was forgiven by the Shining One
  4064 | D:6      | Reached skill level 9 in Polearms
  4174 | D:6      | Reached XP level 8. HP: 61/66 MP: 3/3
  4560 | D:7      | Acquired the Shining One's first power
  4657 | D:7      | Reached skill level 10 in Polearms
  5001 | D:7      | Reached skill level 11 in Polearms
  5116 | D:7      | Reached XP level 9. HP: 63/71 MP: 4/4
  5521 | D:8      | Reached skill level 12 in Polearms
  5676 | D:8      | Found a burning altar of Makhleb.
  5883 | D:8      | Found a deep blue altar of Sif Muna.
  5883 | D:8      | Found a shattered altar of Ashenzari.
  5995 | D:9      | Reached skill level 1 in Dodging
  5995 | D:9      | Reached skill level 1 in Invocations
  5999 | D:9      | Reached skill level 13 in Polearms
  6055 | D:9      | Acquired the Shining One's second power
  6408 | D:9      | Reached XP level 10. HP: 56/78 MP: 8/8
  6454 | D:9      | Found a staircase to the Orcish Mines.
  6480 | D:9      | Noticed Scuka's ghost (experienced MfTm)
  6481 | D:9      | Found a staircase to the Lair.
  6500 | D:9      | Killed Scuka's ghost
  6500 | D:9      | Reached skill level 5 in Fighting
  6699 | D:9      | Noticed a centaur warrior
  6704 | D:9      | Noticed a necromancer
  6737 | D:9      | Killed a centaur warrior
  6752 | D:9      | Killed a necromancer
  6752 | D:9      | Reached skill level 5 in Invocations
  6753 | D:9      | Reached skill level 5 in Dodging
  7023 | D:10     | Entered Level 10 of the Dungeon
  7112 | D:10     | Noticed jazmu's ghost (powerful KoAM)
  7154 | D:10     | Killed jazmu's ghost
  7154 | D:10     | Reached XP level 11. HP: 53/95 MP: 14/14
  7262 | D:10     | Found a portal to a secret trove of treasure.
  7462 | D:10     | Got a pitted shield
  7478 | D:10     | Identified the +1 shield of Untruth {+Inv rElec rPois rF+} (You found it on level 10 of the Dungeon)
  8126 | Orc:1    | Entered Level 1 of the Orcish Mines
  8156 | Orc:1    | Noticed Grum
  8164 | Orc:1    | Reached skill level 5 in Shields
  8174 | Orc:1    | Killed Grum
  8285 | Orc:1    | Was placed under penance by the Shining One
  8516 | Orc:1    | Found a roughly hewn altar of Beogh.
  8544 | Orc:2    | Was forgiven by the Shining One
  8611 | Orc:2    | Found a radiant altar of Vehumet.
  8710 | Orc:2    | Noticed Joseph
  8757 | Orc:2    | Killed Joseph
  8779 | Orc:2    | Noticed Fannar
  8810 | Orc:2    | Noticed Nergalle
  9130 | Orc:2    | Reached skill level 10 in Fighting
  9389 | Orc:2    | Killed Fannar
  9530 | Orc:2    | Killed Nergalle
  9771 | Orc:2    | Noticed Sonja
  9790 | Orc:2    | Cast into the Abyss (Sonja)
  9893 | Abyss:1  | Noticed a tentacled starspawn
  9936 | Abyss:1  | Found a roughly hewn altar of Beogh.
 10029 | Abyss:1  | Acquired the Shining One's third power
 10069 | Abyss:1  | Noticed a wretched star
 10094 | Abyss:1  | Killed a wretched star
 10094 | Abyss:1  | Reached XP level 12. HP: 74/107 MP: 18/18
 10109 | Abyss:1  | Noticed a bone dragon
 10110 | Abyss:1  | Noticed a thrashing horror
 10122 | Abyss:1  | The Shining One protects you from harm!
 10128 | Abyss:1  | Noticed a thrashing horror
 10132 | Abyss:1  | HP: 2/107 [thrashing horror (9)]
 10134 | Abyss:1  | Mangled by a bone dragon

Action                   |  1- 3 |  4- 6 |  7- 9 | 10-12 || total
-------------------------+-------+-------+-------+-------++-------
Melee: Trident           |    90 |   200 |   535 |    18 ||   843
       Spear             |       |       |       |  1003 ||  1003
Throw: Javelin           |       |       |     3 |    10 ||    13
Invok: Divine Shield     |       |       |     1 |     6 ||     7
Evoke: Wand              |       |       |       |     1 ||     1
  Use: Scroll            |     2 |     1 |     1 |     5 ||     9
       Potion            |       |       |     2 |     4 ||     6
 Stab: Distracted        |       |     1 |       |       ||     1
  Eat: Chunk             |     1 |     8 |    10 |    11 ||    30
       Pizza             |       |       |       |     1 ||     1
